wizbiz, neutral female human Wizard ----------- ## ..........-# #-------- |.........|# ##.......| |......... # ##|......| .......... # ------- @###|......| ----.----- # |......###D##|......| ## # |.....|### |......| # # |{....|# -----|-- # ### # |....).# # ### # ## |.....| # # ###### ## ## |.....| ## ### #-|---------#### ------- --.-- # #|.........|#[# |*..-######|.........-### |...| #........<.| ... |....######|.........| ....... ----- ----------- -------- wizbiz the Thaumaturge Experience level: 9 Strength: 25 Dexterity: 12 Constitution: 15 Intelligence: 18 Wisdom: 14 Charisma: 10 Health: 0(82) Energy: 84(84) Def: 9 Gold: 8851 Moves: 9377 Dungeon seed: fFQ_he390Q1fIusY Game ID: wizbiz_1528420919 Your Inventory: Coins $ - 8851 gold pieces Amulets l - an uncursed amulet versus poison (being worn) Weapons z - 5 poisoned +0 orcish arrows B - 3 cursed poisoned +0 orcish arrows C - a blessed burnt +4 quarterstaff (weapon in hands) E - 5 +0 orcish daggers O - 72 +0 darts (in quiver) T - 6 cursed -2 crossbow bolts V - a poisoned +0 dart W - a cursed poisoned -3 dart Armor y - an uncursed +1 pair of high boots (being worn) J - an uncursed greased very burnt +0 cloak of magic resistance (being worn) N - an uncursed +0 studded leather armor (being worn) P - an uncursed +1 pair of gauntlets of power (being worn) Y - an uncursed greased +0 orcish helm (being worn) Comestibles a - an uncursed lembas wafer k - 16 uncursed lumps of royal jelly m - an uncursed banana H - 4 uncursed food rations Scrolls f - an uncursed scroll of create monster g - an uncursed scroll of punishment p - an uncursed scroll of remove curse D - an uncursed scroll of confuse monster U - an uncursed scroll of destroy armor Potions h - an uncursed potion of full healing v - an uncursed potion of levitation F - a blessed potion of levitation G - an uncursed potion of hallucination I - an uncursed potion of object detection L - 2 uncursed potions of water Rings c - an uncursed ring of polymorph control (on left hand) d - an uncursed +1 ring of gain strength i - an uncursed ring of regeneration q - a cursed ring of aggravate monster r - an uncursed ring of invisibility A - an uncursed +1 ring of gain strength S - an uncursed ring of poison resistance Wands b - a wand of undead turning (0:3) j - a wand of light (0:15) w - a wand of lightning (0:6) M - a wand of digging (0:4) Q - a wand of speed monster (0:2) Tools e - an uncursed skeleton key n - a magic marker (0:88) o - an uncursed brass lantern (0:1291) s - a can of grease (0:4) t - an uncursed leash K - a horn of plenty (0:10) R - an uncursed oil lamp (0:390) Spells and supernatural/magical abilities: Name Level Category Fail Memory a - force bolt 1 attack 40% 54% p - protection 1 clerical 40% 54% G - detect treasure 4 divination 100% 67% K - cure sickness 3 healing 96% 58% L - levitation 4 escape 100% 92% O - create monster 2 clerical 52% 58% U - detect unseen 3 divination 96% 87% W - pray for help -- divine ? -- Your skills at the end: Fighting Skills Weapon Skills quarterstaff [Expert] Spellcasting Skills attack spells [Skilled] enchantment spells [Basic] Final Attributes: You were piously aligned. You were poison resistant. You were magic-protected. You were telepathic. You had polymorph control. You were fast. You are dead. Vanquished creatures: a ghost a watch captain a queen bee 2 trolls a gelatinous cube a tengu an energy vortex a leather golem 4 watchmen a succubus a chameleon 5 giant beetles a lynx 2 panthers 2 leprechauns an iron piercer a mumak a horse 2 black lights 3 gnome kings an orc mummy 3 dwarf mummies 2 owlbears 2 yetis a gold golem a Green-elf a lizard a jaguar 3 blue jellies 2 ravens 4 human zombies 2 bugbears a wood nymph 3 mountain nymphs 4 Mordor orcs 2 Uruk-hai an orc shaman 2 rock piercers a rock mole a pony 2 yellow lights a shrieker 6 gnome lords 2 gnomish wizards a kobold mummy 2 gray oozes a ghoul a baby crocodile 8 giant ants a little dog 4 floating eyes 10 dwarves 2 homunculi a kobold lord 2 kobold shamans 8 hill orcs 5 rothes 2 giant bats 3 monkeys 5 orc zombies 5 dwarf zombies a werejackal 5 iguanas 62 killer bees an acid blob 2 coyotes 4 hobbits 20 manes 3 large kobolds 7 hobgoblins 2 giant rats a cave spider 3 brown molds a yellow mold a green mold 29 gnomes 7 garter snakes a gnome zombie 5 geckos 9 jackals 4 foxes 4 kobolds 7 goblins 6 grid bugs 4 lichens 7 newts 339 creatures vanquished. Voluntary challenges: You had been an atheist until turn 3679. You used a wielded weapon 256 times, starting on turn 101. You read items or engraved 51 times, starting on turn 2. You never genocided any monsters. You never polymorphed an object. You never changed form. You used no wishes. You never split a pudding. You never wrote Elbereth's name. You violated your moral code, losing 35 points of alignment, starting on turn 3391. Dungeon overview: The Dungeons of Doom: levels 1 to 13 Level 1 a sink a long staircase Level 2 Level 3 a potion shop, a fountain stairs to The Gnomish Mines Level 4 a potion shop, some fountains Level 5 a sink Level 6 Level 7 many fountains Level 8 a long staircase Level 9 (stash) a fountain Level 10 Level 11 a fountain Level 12 Level 13 <- You were here a fountain The Gnomish Mines: levels 4 to 8 Level 4 stairs to The Dungeons of Doom Level 5 Level 6 Level 7 some shops, a temple to Anhur, a fountain, a sink Level 8 History has recorded: On T:1 you entered the Dungeons of Doom to retrieve the Amulet of Yendor! On T:501 you reached level 2 of The Dungeons of Doom. On T:821 you advanced to experience level 2. On T:945 you reached level 3 of The Dungeons of Doom. On T:1037 you reached level 1 of The Gnomish Mines. On T:1061 you reached level 4 of The Dungeons of Doom. On T:1245 you advanced to experience level 3. On T:1840 you reached level 5 of The Dungeons of Doom. On T:2154 you advanced to experience level 4. On T:2323 you advanced to experience level 5. On T:2386 you reached level 2 of The Gnomish Mines. On T:2819 you reached level 3 of The Gnomish Mines. On T:2927 you advanced to experience level 6. On T:3357 you reached level 4 of The Gnomish Mines. On T:3549 you reached level 5 of The Gnomish Mines. On T:3948 you advanced to experience level 7. On T:5861 you reached level 6 of The Dungeons of Doom. On T:5946 you advanced to experience level 8. On T:6030 you reached level 7 of The Dungeons of Doom. On T:6577 you reached level 8 of The Dungeons of Doom. On T:6655 you reached level 9 of The Dungeons of Doom. On T:7440 you reached level 10 of The Dungeons of Doom. On T:7529 you reached level 11 of The Dungeons of Doom. On T:7841 you reached level 12 of The Dungeons of Doom. On T:8339 you advanced to experience level 9. On T:8699 you reached level 13 of The Dungeons of Doom. Score breakdown: Gold: 8851 (13426 points) Experience: 9 levels (15756 points) Exploration: 13 levels ( 25.49%) (14696 points) Discoveries: 29 items ( 10.10%) ( 9536 points) Valuables value: (no points given unless you survive) Artifact value: 0 ( 0 points) Variety of kills: 86 monsters ( 22.57%) (14253 points) Turncount: 9377 turns (-2283 points) Survival: died (score multiplied by 80%) Total score: 52307 Latest messages: Your movements are slowed slightly because of your load. You see here a crossbow. You stop exploring. You displace your silver dragon. The Green-elf zaps a spiked wand! The bolt of fire hits you! Your cloak smoulders! The bolt of fire bounces! The bolt of fire hits you! Your cloak smoulders further! Your scroll of food detection catches fire and burns! Your scroll labeled JUYED AWK YACC catches fire and burns! Your movements are now unencumbered. You hear a nearby zap. The bolt of fire hits you! You smell smoke. You hear some noises. You remove the leash from your silver dragon. You hear a nearby zap. The bolt of fire hits you! Your quarterstaff smoulders! You die... Final status: Goodbye wizbiz the Wizard, killed by a bolt of fire... You died in The Dungeons of Doom on dungeon level 13 with 52307 points, and 8851 pieces of gold, after 9377 moves. You were level 9 with a maximum of 82 hit points when you died.